 Dungeon Crawl Stone Soup version 0.20-a0-960-ge493e74 (webtiles) character file.

119 Rrauwl the Ruffian (level 4, -4/42 HPs)
             Began as a Troll Transmuter on Apr 7, 2017.
             Killed by nerve-wracking pain
             ... invoked by Grinder
              (14 damage)
             ... on level 3 of the Dungeon.
             The game lasted 00:05:25 (1465 turns).

Rrauwl the Ruffian (Troll Transmuter)               Turns: 1465, Time: 00:05:26

Health: -4/42      AC:  6    Str: 18    XL:     4   Next: 73%
Magic:  3/4        EV: 10    Int: 10    God:
Gold:   102        SH:  0    Dex: 10    Spells: 2/5 levels left

rFire    . . .     SeeInvis .     - Unarmed
rCold    . . .     Gourm    +   (no shield)
rNeg     . . .     Faith    .   b - +1 robe
rPois    .         Spirit   .   (helmet restricted)
rElec    .         Reflect  .   (no cloak)
rCorr    .         Harm     .   (gloves unavailable)
MR       .....                  (boots unavailable)
Stlth    +.........             (no amulet)
Regen    0.6/turn               (no ring)
MPRegen  0.1/turn               (no ring)

@: no status effects
A: unfitting armour, claws 3, fast metabolism 3, gourmand, regeneration 1,
shaggy fur 1, tough skin 2
a: no special abilities


You were on level 3 of the Dungeon.
You were completely stuffed.

You visited 1 branch of the dungeon, and saw 3 of its levels.

You collected 102 gold pieces.

Inventory:

Missiles
 a - 47 arrows
Armour
 b - a +1 robe (worn)
Scrolls
 e - a scroll of teleportation
 h - 2 scrolls of enchant armour
Books
 c - a book of Changes

   Spells                             Type                      Level
   a - Beastly Appendage              Transmutation                1
   b - Sticks to Snakes               Transmutation                2
   c - Spider Form                    Transmutation/Poison         3
   d - Ice Form                       Ice/Transmutation            4
   e - Blade Hands                    Transmutation                5
Comestibles
 d - 2 bread rations
 i - 2 meat rations


   Skills:
 - Level 2.0 Fighting
 - Level 1.0 Armour
 - Level 2.0 Dodging
 + Level 4.3 Unarmed Combat
 - Level 1.2 Spellcasting
 - Level 1.3 Transmutations


You had 2 spell levels left.
You knew the following spells:

 Your Spells              Type           Power        Failure   Level  Hunger
a - Beastly Appendage     Tmut           #.....       21%         1    ##.....
b - Sticks to Snakes      Tmut           #.......     30%         2    ###....


Dungeon Overview and Level Annotations

Branches:
Dungeon (3/15)

Altars:

Annotations:
D:3 Grinder


Innate Abilities, Weirdness & Mutations

You are too large for most types of armour.
You have claws for hands.
Your metabolism is lightning-fast.
You like to eat raw meat.
Your natural rate of healing is unusually fast.
You are covered in fur. (AC +1)
You have very tough skin. (AC +2)


Message History

Grinder hits you.
You writhe in agony.
* * * LOW HITPOINT WARNING * * *
You closely miss Grinder. You claw Grinder, but do no damage.
Grinder is severely wounded.
Grinder barely misses you.
You scratch Grinder but do no damage.
Grinder is severely wounded.
Grinder hits you.
* * * LOW HITPOINT WARNING * * *
You writhe in agony.
* * * LOW HITPOINT WARNING * * *
You scratch Grinder.
Grinder is severely wounded.
Your talons disappear.
Grinder barely misses you.
You scratch Grinder.
Grinder is severely wounded.
Grinder gestures at you. Pain shoots through your body!
You die...

##########
#####........
..##.#.#..#
#.##.#...?##
#####.##.#.....#
#..........@5.#
#.###.##.###..# #.#
#.##... ..#
#.###.###.######.##
#.........# +#
#.###.###.#
#..###.# #.#.##.#
#....#.##


You could see Grinder.

Vanquished Creatures
  Jessica (D:2)
  4 adders (D:2)
  A worm (D:2)
  An orc (D:3)
  7 bats
  2 giant cockroaches (D:2)
  6 goblins
  4 hobgoblins
  7 jackals (D:1)
  8 kobolds
  4 ball pythons
  3 frilled lizards (D:2)
  5 rats
53 creatures vanquished.

Notes
Turn   | Place    | Note
-------+----------+-------------------------------------------
     0 | D:1      | Rrauwl the Troll Transmuter began the quest for the Orb.
     0 | D:1      | Reached XP level 1. HP: 18/18 MP: 1/1
    83 | D:1      | Reached skill level 1 in Fighting
    93 | D:1      | Reached XP level 2. HP: 24/27 MP: 2/2
   779 | D:1      | Reached XP level 3. HP: 32/33 MP: 3/3
   819 | D:2      | Noticed Jessica
   831 | D:2      | Killed Jessica
   831 | D:2      | Reached skill level 1 in Armour
   831 | D:2      | Reached XP level 4. HP: 40/42 MP: 4/4
   835 | D:2      | Learned a level 2 spell: Sticks to Snakes
   999 | D:2      | Reached skill level 4 in Unarmed Combat
  1446 | D:3      | Noticed Grinder
  1452 | D:3      | Paralysed by Grinder for 6 turns
  1465 | D:3      | Killed from afar by Grinder

Vault maps used:
D:1:      evilmike_arrival_home_sweet_home, serial_bayou_lagoon_a
D:2:      minmay_mini_jars, uniq_jessica
D:3:      uniq_grinder

Skill      XL: |  1  2  3  4 |
---------------+-------------+-----
Fighting       | 1 2 |  2.0
Dodging        | 2 |  2.0
Armour         | 1 |  1.0
Unarmed Combat | 4 |  4.3
Spellcasting   | |  1.2
Transmutations | |  1.3

Action                   |  1- 3 |  4- 6 || total
-------------------------+-------+-------++-------
Melee: Unarmed           |    87 |    68 ||   155
       Kick              |       |     1 ||     1
 Cast: Beastly Appendage |       |     2 ||     2
  Use: Scroll            |       |     5 ||     5
       Potion            |       |     2 ||     2
 Stab: Sleeping          |     1 |       ||     1
  Eat: Chunk             |    13 |     6 ||    19
Armor: Robe              |    26 |    52 ||    78
Dodge: Dodged            |    44 |    48 ||    92
